[Event "Titled Tuesday Blitz June 21 Late 2022"]
[White "Wachinger, Guenther"]
[Black "Romanchuk, Viktor"]
[WhiteFideId "4604261"]
[BlackFideId "14109271"]
[WhiteElo "2212"]
[BlackElo "2242"]
[Result "1/2-1/2"]
[Round "04"]
[TimeControl "180+1"]
[Date "2022.06.22"]
[WhiteClock "0:01:51"]
[BlackClock "0:02:26"]

1. e4 e6 2. d4 d5 3. Nd2 dxe4 4. Nxe4 Nd7 5. g3 Ngf6 6. Nxf6+ Nxf6 7. Bg2 e5 8. Nf3 exd4 9. Qxd4 Qxd4 10. Nxd4 Be7 11. O-O O-O 12. Re1 Bc5 13. Nb3 Bb6 14. Be3 c6 15. Bxb6 axb6 16. Re7 Re8 17. Rxe8+ Nxe8 18. Re1 Kf8 19. a3 Nd6 20. Nd2 1/2-1/2


[Site "https://www.chess.com"]

[Event "Titled Tuesday Blitz June 21 Late 2022"]
[White "Wagner, Dinara"]
[Black "Vidonyak, Roman"]
[WhiteFideId "24157570"]
[BlackFideId "14100622"]
[WhiteElo "2216"]
[BlackElo "2358"]
[Result "1-0"]
[Round "04"]
[TimeControl "180+1"]
[Date "2022.06.22"]
[WhiteClock "0:00:19"]
[BlackClock "0:00:06"]

1. d4 Nf6 2. Nf3 g6 3. c4 Bg7 4. Nc3 d5 5. cxd5 Nxd5 6. e4 Nxc3 7. bxc3 c5 8. Rb1 O-O 9. Be3 Nc6 10. Bb5 Bg4 11. Bxc6 bxc6 12. O-O Qa5 13. h3 Bxf3 14. Qxf3 Qxa2 15. e5 Qd5 16. Qg3 cxd4 17. cxd4 c5 18. dxc5 Qxe5 19. Qf3 a5 20. c6 a4 21. Rfd1 a3 22. Bd4 Qa5 23. Bxg7 Kxg7 24. Ra1 a2 25. Rdc1 Rfc8 26. Rc2 Qb4 27. Qd1 Qb3 28. Qd4+ Kg8 29. Rb2 Qe6 30. Qd7 Qxc6 31. Qxc6 Rxc6 32. Rbxa2 Rac8 33. Ra7 e6 34. Re7 R6c7 35. Ra7 Rxa7 36. Rxa7 Kg7 37. Kh2 Kf6 38. h4 h5 39. g3 Kf5 40. Rxf7+ Ke5 41. Ra7 Kf5 42. Kg2 Rc3 43. Ra5+ Kf6 44. Ra4 Rc6 45. Kf3 Rc5 46. Rb4 Rc3+ 47. Ke4 Rc2 48. f3 Re2+ 49. Kd3 Rg2 50. g4 hxg4 51. fxg4 Rh2 52. g5+ Kf5 53. Ke3 Rh3+ 54. Kf2 Rh2+ 55. Kg3 Re2 56. Rf4+ Ke5 57. Rf6 Re3+ 58. Kg4 Re4+ 59. Kg3 Re3+ 60. Kg2 Re2+ 61. Kf3 Re4 62. Rxe6+ Kxe6 63. Kxe4 Kf7 64. Kd5 Ke7 65. Ke5 Kf7 66. Kd6 Kg7 67. Ke7 Kg8 68. Kf6 Kh7 69. Kf7 Kh8 70. Kxg6 Kg8 71. h5 Kh8 72. Kf7 Kh7 73. g6+ Kh6 74. g7 Kxh5 75. g8=Q Kh4 76. Qg2 Kh5 77. Kf6 Kh4 78. Kf5 1-0


[Site "https://www.chess.com"]

[Event "Titled Tuesday Blitz June 21 Late 2022"]
[White "Wartiovaara, Oliver"]
[Black "Martinez Reyes, Pedro Ramon"]
[WhiteFideId "513024"]
[BlackFideId "3901807"]
[WhiteElo "1971"]
[BlackElo "2410"]
[Result "0-1"]
[Round "04"]
[TimeControl "180+1"]
[Date "2022.06.22"]
[WhiteClock "0:00:30"]
[BlackClock "0:02:36"]

1. e4 c6 2. d4 Na6 3. Nd2 Nc7 4. Ngf3 d5 5. Bd3 dxe4 6. Nxe4 Nf6 7. Nxf6+ exf6 8. O-O Bd6 9. h3 O-O 10. c4 Be6 11. b3 Qd7 12. Qc2 g6 13. Bb2 Rfe8 14. d5 Bxh3 15. gxh3 Qxh3 16. c5 Qg4+ 0-1


[Site "https://www.chess.com"]

[Event "Titled Tuesday Blitz June 21 Late 2022"]
[White "Yoo, Christopher Woojin"]
[Black "Sjugirov, Sanan"]
[WhiteFideId "30909694"]
[BlackFideId "4189302"]
[WhiteElo "2105"]
[BlackElo "2602"]
[Result "1-0"]
[Round "04"]
[TimeControl "180+1"]
[Date "2022.06.21"]
[WhiteClock "0:00:12"]
[BlackClock "0:00:02"]

1. e4 c5 2. Nf3 Nc6 3. b4 cxb4 4. d4 d5 5. exd5 Qxd5 6. c4 Qd8 7. d5 Nb8 8. Qa4+ Nd7 9. Qxb4 e6 10. Qb3 Nc5 11. Qe3 Nf6 12. Be2 Bd6 13. O-O O-O 14. dxe6 Bxe6 15. Rd1 Qc7 16. Nc3 a6 17. Qd4 Rad8 18. Qh4 Be7 19. Bf4 Qa5 20. Be5 Rfe8 21. Qf4 Ng4 22. Bd4 Nf6 23. Rab1 h6 24. h3 Rc8 25. Ne5 Ncd7 26. Nxd7 Nxd7 27. Rxb7 Bg5 28. Qg3 Nf6 29. h4 1-0


[Site "https://www.chess.com"]

[Event "Titled Tuesday Blitz June 21 Late 2022"]
[White "Yurovskykh, Oleksandr"]
[Black "Livaic, Leon"]
[WhiteFideId "14134020"]
[BlackFideId "14531534"]
[WhiteElo "2292"]
[BlackElo "2540"]
[Result "0-1"]
[Round "04"]
[TimeControl "180+1"]
[Date "2022.06.21"]
[WhiteClock "0:00:12"]
[BlackClock "0:00:18"]

1. d4 e6 2. Bf4 f5 3. e3 Nf6 4. Nf3 b6 5. Be2 Bb7 6. O-O Be7 7. Nfd2 O-O 8. Bf3 d5 9. c4 Ne4 10. Nxe4 dxe4 11. Be2 Nd7 12. h3 Bf6 13. Bh2 c5 14. Nc3 cxd4 15. exd4 e5 16. d5 a5 17. Qc2 Nc5 18. Na4 Nxa4 19. Qxa4 f4 20. Bg4 Bc8 21. Bxc8 Qxc8 22. Qc2 Qc5 23. Qxe4 b5 24. Rac1 Rab8 25. b3 Rfd8 26. Kh1 bxc4 27. bxc4 Rb2 28. Bg1 Qd4 29. Qxd4 exd4 30. f3 d3 31. Rcd1 d2 32. Rf2 Bc3 33. Re2 Rxa2 34. Bb6 Rd7 35. Kh2 Rb2 36. Re6 a4 37. Bc5 Kf7 38. Kg1 Rc7 39. Rc6 Rxc6 40. dxc6 Ba5 41. Kf1 Rc2 42. c7 Bxc7 43. Bb4 Rxc4 44. Rxd2 Rxb4 45. Rd7+ Ke6 46. Rxc7 Kd5 47. Rxg7 Kc4 48. Rxh7 a3 49. Ra7 Kb3 50. h4 a2 51. Rxa2 Kxa2 52. h5 Rb5 53. Ke2 Rxh5 54. Kd3 Re5 55. Kd4 Re2 56. Kd3 Re8 57. Kd2 Kb3 58. Kd3 Kb4 59. Kd4 Re2 60. Kd3 Rxg2 61. Ke4 Kc5 62. Kxf4 Kd5 63. Kf5 Rf2 64. f4 Rf1 65. Kg5 Ke4 66. f5 Rxf5+ 67. Kg6 Ke5 68. Kg7 Ke6 69. Kg6 Re5 70. Kh6 Kf6 71. Kh7 Rh5+ 72. Kg8 Rh4 73. Kf8 Rh8# 0-1


[Site "https://www.chess.com"]

[Event "Titled Tuesday Blitz June 21 Late 2022"]
[White "Zakarian, David"]
[Black "Capp, Stephen"]
[WhiteFideId "13301276"]
[BlackFideId "2027089"]
[WhiteElo "2452"]
[BlackElo "2119"]
[Result "1-0"]
[Round "04"]
[TimeControl "180+1"]
[Date "2022.06.22"]
[WhiteClock "0:00:55"]
[BlackClock "0:00:09"]

1. e4 e5 2. f4 d5 3. exd5 e4 4. d3 Nf6 5. dxe4 Nxe4 6. Nf3 f5 7. Be3 Bd6 8. Bb5+ Nd7 9. O-O O-O 10. c4 b6 11. Bxd7 Bxd7 12. Nbd2 Re8 13. Ne5 Nxd2 14. Qxd2 a5 15. Bd4 Bb4 16. Qd3 Bc5 17. Bxc5 bxc5 18. Rae1 Rb8 19. Re2 a4 20. Rfe1 Rf8 21. Qa3 Rb4 22. Qe3 Be8 23. Qxc5 Qb8 24. Nd3 Bh5 25. Nxb4 Bxe2 26. Rxe2 h6 27. Nc6 Qb7 28. Nd4 Qa6 29. Re7 Rb8 30. Ne6 Rxb2 31. Rxg7+ Kh8 32. Qf8# 1-0


[Site "https://www.chess.com"]

[Event "Titled Tuesday Blitz June 21 Late 2022"]
[White "Zanette, Edgard Vinicius"]
[Black "Sargsyan, Anna M."]
[WhiteFideId "2109263"]
[BlackFideId "13308130"]
[WhiteElo "2182"]
[BlackElo "2271"]
[Result "0-1"]
[Round "04"]
[TimeControl "180+1"]
[Date "2022.06.22"]
[WhiteClock "0:01:55"]
[BlackClock "0:02:15"]

1. e4 c6 2. d4 d5 3. e5 Bf5 4. h4 h5 5. c4 e6 6. Nc3 Ne7 7. cxd5 Nxd5 8. Bc4 Nb4 9. Nge2 Nc2+ 10. Kf1 Nxa1 11. Bg5 f6 12. exf6 gxf6 13. Bf4 Nc2 14. a3 e5 15. Bb3 Nxd4 16. Nxd4 Qxd4 0-1


[Site "https://www.chess.com"]

[Event "Titled Tuesday Blitz June 21 Late 2022"]
[White "Zhigalko, Sergei"]
[Black "Bortnyk, Olexandr"]
[WhiteFideId "13502956"]
[BlackFideId "14120828"]
[WhiteElo "2662"]
[BlackElo "2723"]
[Result "1-0"]
[Round "04"]
[TimeControl "180+1"]
[Date "2022.06.21"]
[WhiteClock "0:00:05"]
[BlackClock "0:00:05"]

1. e4 d6 2. d4 Nf6 3. Nc3 e5 4. Nf3 Nbd7 5. Bc4 Be7 6. a4 O-O 7. O-O a5 8. Re1 b6 9. h3 Bb7 10. b3 h6 11. Bb2 Re8 12. dxe5 dxe5 13. Nd5 Bd6 14. Nh2 Nc5 15. f3 Ne6 16. Ng4 Nxg4 17. hxg4 Bc5+ 18. Ne3 Qg5 19. Qe2 h5 20. Bxe6 Rxe6 21. gxh5 Qxh5 22. Ba3 Bd4 23. Rad1 Bc3 24. Nf5 Ba6 25. Qe3 Bxe1 26. Qxe1 Qg5 27. Bc1 Qf6 28. Qg3 Qg6 29. Qh4 Rae8 30. Rd7 Qh7 31. Qg3 Rg6 32. Ne7+ Kf8 33. Nxg6+ Qxg6 34. Qxg6 fxg6 35. Ba3+ Kg8 36. Rxc7 Rc8 37. Rxc8+ Bxc8 38. Bd6 Bd7 39. Bxe5 b5 40. axb5 Bxb5 41. c4 Ba6 42. Bc7 a4 43. bxa4 Bxc4 44. a5 Kf7 45. Bd8 Ke6 46. Kf2 Ke5 47. Ke3 Bf1 48. g3 Ba6 49. Bb6 Ke6 50. Bd4 Kf7 51. f4 g5 52. fxg5 g6 53. Bf6 Ke6 54. Kd4 Kd6 55. e5+ Kc6 56. e6 Kd6 57. e7 Kd7 58. Kc5 Bd3 59. Kb6 Be4 60. Ka7 Bf3 61. a6 Be2 62. Kb7 Bf3+ 63. Kb8 Ke8 64. a7 Bc6 65. a8=Q Bd5 66. Qa4+ Kf7 67. e8=Q# 1-0


[Site "https://www.chess.com"]

[Event "Titled Tuesday Blitz June 21 Late 2022"]
[White "Zhou, Qiyu"]
[Black "D`Arruda, Ricardo D."]
[WhiteFideId "505161"]
[BlackFideId "100692"]
[WhiteElo "1925"]
[BlackElo "2494"]
[Result "0-1"]
[Round "04"]
[TimeControl "180+1"]
[Date "2022.06.22"]
[WhiteClock "0:00:02"]
[BlackClock "0:01:00"]

1. e4 c5 2. Nf3 Nc6 3. d4 cxd4 4. Nxd4 e5 5. Nb5 a6 6. N5a3 Nf6 7. Nc3 Bb4 8. Bd3 d5 9. exd5 Qxd5 10. O-O Bxc3 11. bxc3 O-O 12. Bg5 e4 13. Bxf6 exd3 14. Bh4 Qe4 15. Bg3 dxc2 16. Nxc2 Rd8 17. Qc1 Bf5 18. Ne3 Be6 19. Re1 Rac8 20. Qb2 b5 21. Qa3 a5 22. Rad1 h6 23. Nd5 Rxd5 24. f3 Rxd1 25. fxe4 Rxe1+ 26. Bxe1 a4 27. Qd6 Bxa2 28. Bf2 Be6 29. Bc5 Na5 30. Bb4 Nc4 31. Qa6 Rb8 32. Qa7 Rd8 33. h3 Rd1+ 34. Kh2 Ra1 35. Qb8+ Kh7 36. Qxb5 a3 37. Qc5 a2 0-1


[Site "https://www.chess.com"]

[Event "Titled Tuesday Blitz June 21 Late 2022"]
[White "Zhurbinsky, David"]
[Black "Cabarkapa, Novak"]
[WhiteFideId "2072904"]
[BlackFideId "943746"]
[WhiteElo "2546"]
[BlackElo "2433"]
[Result "1-0"]
[Round "04"]
[TimeControl "180+1"]
[Date "2022.06.22"]
[WhiteClock "0:00:04"]
[BlackClock "0:00:01"]

1. e4 c6 2. d4 d5 3. Nd2 g6 4. Ngf3 Bg7 5. c3 a5 6. Bd3 Na6 7. O-O Nc7 8. e5 Nh6 9. Nb3 Bf5 10. Bxh6 Bxh6 11. Bxf5 gxf5 12. Nh4 e6 13. Qh5 Qg5 14. Qxg5 Bxg5 15. Nf3 Bh6 16. Nc5 b6 17. Nb7 Ke7 18. Nd6 f6 19. c4 fxe5 20. dxe5 c5 21. cxd5 Nxd5 22. Rad1 Rhf8 23. Nh4 Nb4 24. a3 Nc6 25. f4 Nd4 26. Nc4 Ne2+ 27. Kh1 b5 28. Nd6 Nd4 29. Nf3 Ne2 30. g3 b4 31. Rf2 Nxf4 32. gxf4 Bxf4 33. Rg2 Rg8 34. axb4 Rxg2 35. Kxg2 axb4 36. Nc4 Ra2 37. Rd6 Bxe5 38. Nfxe5 Rxb2+ 39. Kg3 Rc2 40. Rd7+ Ke8 41. Nd6+ Kf8 42. Rf7+ Kg8 43. Nd7 f4+ 44. Kf3 1-0


[Site "https://www.chess.com"]

[Event "Titled Tuesday Blitz June 21 Late 2022"]
[White "Abarca Gonzalez, Nicolas"]
[Black "Le, Tuan Minh"]
[WhiteFideId "3409422"]
[BlackFideId "12401153"]
[WhiteElo "2504"]
[BlackElo "2530"]
[Result "0-1"]
[Round "05"]
[TimeControl "180+1"]
[Date "2022.06.21"]
[WhiteClock "0:00:31"]
[BlackClock "0:00:10"]

1. e4 c5 2. Nf3 Nf6 3. e5 Nd5 4. g3 g6 5. Bg2 Bg7 6. O-O Nc6 7. Re1 O-O 8. Nc3 Nc7 9. d3 b6 10. Bf4 Ne6 11. Qd2 Nxf4 12. Qxf4 Bb7 13. h4 Nb4 14. Re2 f6 15. exf6 Bxf6 16. Qh6 Bg7 17. Qe3 e6 18. h5 gxh5 19. Nh4 Bxg2 20. Kxg2 Qf6 21. Rh1 Nc6 22. f4 Nd4 23. Rf2 Rae8 24. Ne4 Qe7 25. c3 Nf5 26. Qf3 d5 27. Ng5 Nxh4+ 28. Rxh4 Bf6 29. Qxh5 Bxg5 30. fxg5 Rxf2+ 31. Kxf2 Rf8+ 32. Kg2 Qf7 33. Qxf7+ Rxf7 34. Rh6 Re7 35. g6 hxg6 36. Rxg6+ Kf7 37. Rh6 Kg7 38. Rh5 e5 39. Kf3 Kg6 40. g4 Rf7+ 41. Ke3 d4+ 42. Ke4 Rf4+ 43. Kxe5 Rxg4 44. Rh2 dxc3 45. bxc3 Rg3 0-1


[Site "https://www.chess.com"]

[Event "Titled Tuesday Blitz June 21 Late 2022"]
[White "Adewumi, Tanitoluwa"]
[Black "Rychkov, Roman"]
[WhiteFideId "30966396"]
[BlackFideId "30985595"]
[WhiteElo "2534"]
[BlackElo "2306"]
[Result "1-0"]
[Round "05"]
[TimeControl "180+1"]
[Date "2022.06.22"]
[WhiteClock "0:00:19"]
[BlackClock "0:00:24"]

1. e4 e5 2. Nf3 Nc6 3. Bc4 Bc5 4. d3 Nf6 5. O-O d6 6. Re1 a6 7. c3 Na5 8. b4 Nxc4 9. bxc5 Na5 10. cxd6 cxd6 11. a4 O-O 12. c4 Nc6 13. Nc3 Bg4 14. Be3 Qd7 15. h3 Bh5 16. Rb1 h6 17. Kh2 Rab8 18. Nd5 Nxd5 19. exd5 Ne7 20. Nxe5 Qf5 21. Ng4 Ng6 22. f3 Rfe8 23. Bxh6 Bxg4 24. hxg4 Qf6 25. Bd2 Qh4+ 26. Kg1 Ne5 27. Re3 Ng6 28. Qe1 Rxe3 29. Qxh4 Nxh4 30. Bxe3 Ng6 31. d4 Kf8 32. Kf2 Ke7 33. Rb6 Kd7 34. c5 Ne7 35. Rxd6+ Ke8 36. Bf4 Rc8 37. a5 f6 38. g5 Kf7 39. gxf6 gxf6 40. Rd7 Ke8 41. Rxb7 Nxd5 42. Bd6 Rc6 43. Rb6 Nxb6 44. axb6 Kd7 45. b7 Rc8 46. bxc8=Q+ Kxc8 47. c6 a5 48. d5 f5 49. Ba3 f4 50. Ke2 Kc7 51. Kd3 Kb6 52. Ke4 Kb5 53. Kxf4 Ka4 54. c7 Kxa3 55. c8=Q a4 56. Qa6 Kb2 57. Qxa4 Kc3 58. d6 Kb2 59. Qb3+ Kc1 60. Qc2+ Kxc2 61. d7 Kd1 62. d8=Q+ Ke2 63. Qd2+ Kxd2 64. g4 Ke2 65. g5 Kd3 66. g6 Ke2 67. g7 Kf2 68. g8=Q Ke2 69. Qg2+ Ke1 70. Qe2+ Kxe2 71. Ke4 Kf2 72. f4 Kg3 73. f5 Kg4 74. f6 Kg5 75. f7 Kg6 76. f8=Q Kh7 77. Qf6 Kg8 78. Qe7 Kh8 79. Kf5 Kg8 80. Kg6 Kh8 81. Qf8# 1-0


[Site "https://www.chess.com"]

[Event "Titled Tuesday Blitz June 21 Late 2022"]
[White "Alexiadis, Hristos"]
[Black "Kamsky, Gata"]
[WhiteFideId "4249623"]
[BlackFideId "2000024"]
[WhiteElo "2416"]
[BlackElo "2645"]
[Result "0-1"]
[Round "05"]
[TimeControl "180+1"]
[Date "2022.06.21"]
[WhiteClock "0:00:10"]
[BlackClock "0:00:12"]

1. e4 e5 2. Nf3 Nc6 3. Bb5 a6 4. Ba4 Nf6 5. Nc3 d6 6. O-O b5 7. Bb3 Na5 8. h3 Be7 9. Re1 Bb7 10. d3 O-O 11. Ne2 c5 12. Ng3 Nxb3 13. axb3 g6 14. c4 Nd7 15. Bh6 Re8 16. Qd2 Nf8 17. Ra5 b4 18. Raa1 Ne6 19. Be3 Qd7 20. Rf1 f6 21. Nh2 Rf8 22. f4 exf4 23. Bxf4 Nxf4 24. Qxf4 Qe6 25. Ng4 Kh8 26. Kh1 Rae8 27. Rae1 Bd8 28. Qf2 h5 29. Ne3 Qe5 30. Nd5 Kg7 31. Nf5+ Kh7 32. Nfe3 Bc8 33. Qf3 Qg5 34. Re2 Bd7 35. Ra1 Bc8 36. Rf1 Kg7 37. Ref2 Re5 38. Kh2 Qh4 39. Qg3 Qxg3+ 40. Kxg3 f5 41. exf5 Bg5 42. f6+ Kf7 43. Rf3 Rfe8 44. Kf2 Bb7 45. Ra1 Bxe3+ 46. Rxe3 Bxd5 47. Rxe5 Rxe5 48. cxd5 Kxf6 49. Rxa6 Rxd5 50. Ke3 Kg5 51. g3 h4 52. gxh4+ Kxh4 53. Ra8 Kxh3 54. Rg8 g5 55. Ke4 Rd4+ 56. Kf3 g4+ 57. Ke3 Kg2 58. Rg6 g3 59. Rg4 Rxg4 0-1


[Site "https://www.chess.com"]

[Event "Titled Tuesday Blitz June 21 Late 2022"]
[White "Altman, Joshua"]
[Black "Carrasco Miranda, Andres"]
[WhiteFideId "426210"]
[BlackFideId "3405990"]
[WhiteElo "1945"]
[BlackElo "2177"]
[Result "1-0"]
[Round "05"]
[TimeControl "180+1"]
[Date "2022.06.22"]
[WhiteClock "0:00:47"]
[BlackClock "0:00:03"]

1. d4 Nf6 2. c4 g6 3. Nc3 d5 4. Bg5 Bg7 5. Bxf6 Bxf6 6. cxd5 c5 7. dxc5 Na6 8. e3 Nxc5 9. Nge2 O-O 10. Nd4 e5 11. dxe6 Nxe6 12. Nxe6 Bxe6 13. Be2 Qb6 14. Qc2 Rac8 15. O-O Qa5 16. Rfc1 Rfd8 17. h3 a6 18. Bf3 b5 19. a3 Rc7 20. Bg4 Bxg4 21. hxg4 Rdc8 22. Qd3 Bxc3 23. bxc3 Rxc3 24. Rxc3 Qxc3 25. Rd1 Qxd3 26. Rxd3 Rc4 27. f3 Ra4 28. Kf2 Kg7 29. e4 Kf6 30. Ke3 a5 31. Kf4 g5+ 32. Ke3 b4 33. axb4 Rxb4 34. Rd6+ Kg7 35. Rd5 Rb3+ 36. Kf2 Rb2+ 37. Kg3 Kg6 38. Rxa5 f6 39. Ra7 h5 40. gxh5+ Kxh5 41. Ra6 Rb1 42. Rxf6 Re1 43. Rf5 Kg6 44. Kg4 Re2 45. Rxg5+ Kf6 46. Kf4 Ke6 47. g4 Kf6 48. Rf5+ Ke6 49. g5 Rg2 50. Rf6+ Ke7 51. Kf5 Rg3 52. f4 1-0


[Site "https://www.chess.com"]

[Event "Titled Tuesday Blitz June 21 Late 2022"]
[White "Arabidze, Meri"]
[Black "D`Arruda, Ricardo D."]
[WhiteFideId "13604040"]
[BlackFideId "100692"]
[WhiteElo "2616"]
[BlackElo "2498"]
[Result "0-1"]
[Round "05"]
[TimeControl "180+1"]
[Date "2022.06.22"]
[WhiteClock "0:00:03"]
[BlackClock "0:00:16"]

1. Nf3 d5 2. g3 Nf6 3. Bg2 g6 4. b3 Bg7 5. Bb2 O-O 6. c4 c6 7. O-O Nbd7 8. d4 Ne4 9. Nbd2 Ndf6 10. e3 Bf5 11. Nh4 Nxd2 12. Qxd2 Be6 13. f4 Qd7 14. Rac1 Bh3 15. Bxh3 Qxh3 16. cxd5 cxd5 17. Rc7 Rac8 18. Rxb7 Ne4 19. Qe2 Rc6 20. Ba3 Rfc8 21. Qg2 Qg4 22. h3 Qxg3 23. Qxg3 Nxg3 24. Rf2 Ne4 25. Rg2 Rc3 26. Bxe7 Rxe3 27. Bc5 Nxc5 28. dxc5 Bd4 29. Kh2 Re4 30. Nf5 Bxc5 31. Nh6+ Kg7 32. Nxf7 Re7 33. Rxe7 Bxe7 34. Ne5 Bd6 35. Rd2 Bxe5 36. fxe5 Rd8 37. Kg3 Kf7 38. Kf4 Ke6 39. h4 Rf8+ 40. Kg5 Kxe5 41. Kh6 Rf4 42. Kxh7 Rxh4+ 43. Kxg6 d4 44. Kf7 Ke4 45. Ke6 Ke3 46. Rd1 d3 47. Kd5 Ke2 48. Ra1 d2 49. Kc5 Rh3 50. a4 Rc3+ 51. Kb4 Rc1 52. Ra2 Kd3 53. Rxd2+ Kxd2 54. Ka5 Rb1 55. b4 Kc3 56. b5 Ra1 57. Ka6 Rxa4+ 58. Kb7 Kb4 59. b6 axb6 60. Kxb6 Ra5 0-1


[Site "https://www.chess.com"]

[Event "Titled Tuesday Blitz June 21 Late 2022"]
[White "Araujo Filho, Luiz Antonio Coel"]
[Black "Bachmann, Axel"]
[WhiteFideId "2130661"]
[BlackFideId "3700488"]
[WhiteElo "2190"]
[BlackElo "2587"]
[Result "0-1"]
[Round "05"]
[TimeControl "180+1"]
[Date "2022.06.22"]
[WhiteClock "0:00:26"]
[BlackClock "0:01:58"]

1. d4 Nf6 2. Nf3 g6 3. c4 Bg7 4. Nc3 d5 5. cxd5 Nxd5 6. e4 Nxc3 7. bxc3 c5 8. Be2 Nc6 9. Be3 O-O 10. O-O cxd4 11. cxd4 Bg4 12. e5 e6 13. Rb1 b6 14. h3 Bxf3 15. Bxf3 Rc8 16. Qa4 Qd7 17. Qa3 Rfd8 18. Rfd1 Bf8 19. Qb3 Ne7 20. Rbc1 Rxc1 21. Rxc1 Nf5 22. Bc6 Qe7 23. Qa4 Nxe3 24. fxe3 Qg5 25. Rc3 Rc8 26. Qxa7 Qg3 27. Qa3 Bh6 28. Bf3 Qe1+ 0-1


[Site "https://www.chess.com"]

[Event "Titled Tuesday Blitz June 21 Late 2022"]
[White "Bayo Milagro, Alvaro"]
[Black "Peatman, Carter"]
[WhiteFideId "22275240"]
[BlackFideId "2096480"]
[WhiteElo "2270"]
[BlackElo "2473"]
[Result "1-0"]
[Round "05"]
[TimeControl "180+1"]
[Date "2022.06.22"]
[WhiteClock "0:00:39"]
[BlackClock "0:00:05"]

1. d4 d5 2. c4 e6 3. Nf3 c5 4. cxd5 exd5 5. g3 Nc6 6. Bg2 Nf6 7. O-O Be7 8. dxc5 Bxc5 9. a3 Ne4 10. b4 Be7 11. Bb2 Bf6 12. Qb3 O-O 13. Nc3 Be6 14. Nb5 a6 15. Bxf6 Qxf6 16. Nc7 Rad8 17. Nxe6 fxe6 18. Rfd1 g5 19. h3 h5 20. g4 hxg4 21. hxg4 Ne5 22. Bh3 Nxf3+ 23. exf3 Qxf3 24. Qxf3 Rxf3 25. Bg2 Rf4 26. Bxe4 Rxe4 27. f3 Rf4 28. Kg2 Rdf8 29. Re1 R8f6 30. Re3 Rc4 31. Rae1 Kf7 32. R1e2 b6 33. Rb3 b5 34. Rbe3 Rc6 35. Kg3 Rf4 36. Re5 Kf6 37. R5e3 d4 38. Rd3 e5 39. Rh2 Kg7 40. Rh5 Kg6 41. Rh8 Rff6 42. Rg8+ Kh6 43. Rd1 Kh7 44. Rxg5 Rg6 45. Rxe5 Rc3 46. Rxd4 Rf6 47. Rf4 Rxf4 48. Kxf4 Rxa3 49. g5 Kg7 50. Kg4 Rb3 51. Re4 Ra3 52. f4 Ra1 53. Rd4 a5 54. bxa5 Rxa5 55. f5 Ra4 56. Rf4 Rxf4+ 57. Kxf4 b4 58. Ke3 b3 59. Kd2 b2 60. Kc2 b1=Q+ 61. Kxb1 1-0


[Site "https://www.chess.com"]

[Event "Titled Tuesday Blitz June 21 Late 2022"]
[White "Bilych, Olexiy"]
[Black "Bortnyk, Olexandr"]
[WhiteFideId "14156504"]
[BlackFideId "14120828"]
[WhiteElo "2189"]
[BlackElo "2723"]
[Result "0-1"]
[Round "05"]
[TimeControl "180+1"]
[Date "2022.06.21"]
[WhiteClock "0:00:11"]
[BlackClock "0:00:33"]

1. e4 d6 2. d4 Nf6 3. Nc3 Nbd7 4. Nf3 e5 5. Rg1 c6 6. g4 h6 7. h4 exd4 8. Nxd4 Ne5 9. g5 hxg5 10. Bxg5 Qb6 11. Nb3 Nfg4 12. Qe2 f6 13. Bf4 a5 14. a4 Be6 15. Bg3 O-O-O 16. Bh3 f5 17. exf5 Bc4 18. Qe4 Nf6 19. Qf4 Bxb3 20. O-O-O Bf7 21. Rge1 Nc4 22. b3 Qb4 23. Nb1 Nb6 24. Qe3 Nbd5 25. Qd3 Qc5 26. Kb2 Nb4 27. Qe3 Qxc2+ 0-1


[Site "https://www.chess.com"]

[Event "Titled Tuesday Blitz June 21 Late 2022"]
[White "Bintang, Rasyid A. Hidayat"]
[Black "Sanchez Alarcon, Juan"]
[WhiteFideId "7105355"]
[BlackFideId "3401332"]
[WhiteElo "2404"]
[BlackElo "2164"]
[Result "1-0"]
[Round "05"]
[TimeControl "180+1"]
[Date "2022.06.22"]
[WhiteClock "0:00:46"]
[BlackClock "0:01:20"]

1. d4 Nf6 2. Bf4 g6 3. Nc3 d5 4. e3 Bg7 5. h4 h5 6. Nf3 O-O 7. Ne5 Nbd7 8. Qd2 c5 9. O-O-O c4 10. f3 a6 11. g4 b5 12. gxh5 Nxh5 13. Nc6 Qb6 14. Nxd5 Qb7 15. Ncxe7+ Kh7 16. e4 Ndf6 17. Nxf6+ Bxf6 18. Nd5 Bg7 19. Bh3 Be6 20. Bg4 Bxd5 21. Bxh5 gxh5 22. exd5 Qxd5 23. c3 a5 24. Rdg1 Rg8 25. Rg5 Qxf3 26. Rhg1 Bh6 27. Qc2+ Kh8 28. Rxg8+ Rxg8 29. Rxg8+ Kxg8 30. Bxh6 Qh1+ 31. Qd1 Qxh4 32. Qg1+ 1-0


[Site "https://www.chess.com"]

[Event "Titled Tuesday Blitz June 21 Late 2022"]
[White "Bjelobrk, Igor"]
[Black "Dobre, Claudiu-Cristian"]
[WhiteFideId "4300726"]
[BlackFideId "1211854"]
[WhiteElo "2643"]
[BlackElo "2517"]
[Result "0-1"]
[Round "05"]
[TimeControl "180+1"]
[Date "2022.06.22"]
[WhiteClock "0:00:04"]
[BlackClock "0:00:20"]

1. Nf3 d5 2. c4 c6 3. d4 Nf6 4. Qc2 dxc4 5. e4 Bg4 6. Bxc4 e6 7. Be3 Nbd7 8. Nbd2 Be7 9. O-O O-O 10. Rac1 Bh5 11. h3 h6 12. Bd3 Bg6 13. Ne5 Nxe5 14. dxe5 Nd7 15. f4 Bc5 16. Bxc5 Nxc5 17. Qxc5 Qxd3 18. Rf2 Bxe4 19. Nxe4 Qxe4 20. Rd1 Rfd8 21. Rxd8+ Rxd8 22. Qxa7 Rd1+ 23. Kh2 Qe1 24. Qc5 h5 25. Kg3 Rd2 0-1


[Site "https://www.chess.com"]

[Event "Titled Tuesday Blitz June 21 Late 2022"]
[White "Burke, Paul"]
[Black "Thiel, Thomas"]
[WhiteFideId "2605767"]
[BlackFideId "4615964"]
[WhiteElo "2005"]
[BlackElo "2225"]
[Result "1-0"]
[Round "05"]
[TimeControl "180+1"]
[Date "2022.06.22"]
[WhiteClock "0:00:49"]
[BlackClock "0:00:58"]

1. e4 d5 2. exd5 Nf6 3. c4 c6 4. d4 cxd5 5. Nc3 Nc6 6. Nf3 Be6 7. c5 g6 8. Be2 Bg7 9. a3 O-O 10. b4 a6 11. h3 Ne4 12. Na4 f6 13. O-O Bf7 14. Bb2 e5 15. Nb6 Rb8 16. Rc1 Re8 17. Re1 Na7 18. a4 Nc6 19. b5 axb5 20. axb5 Na5 21. Qa4 Nc4 22. Nxc4 dxc4 23. Bxc4 exd4 24. Bxf7+ Kxf7 25. Qb3+ Kf8 26. Nxd4 Qd7 27. c6 bxc6 28. Ba3+ c5 29. Rxe4 Rxe4 30. Bxc5+ 1-0


[Site "https://www.chess.com"]

[Event "Titled Tuesday Blitz June 21 Late 2022"]
[White "Capp, Stephen"]
[Black "Wartiovaara, Oliver"]
[WhiteFideId "2027089"]
[BlackFideId "513024"]
[WhiteElo "2117"]
[BlackElo "1971"]
[Result "0-1"]
[Round "05"]
[TimeControl "180+1"]
[Date "2022.06.22"]
[WhiteClock "0:00:03"]
[BlackClock "0:00:03"]

1. e4 c5 2. Nc3 d6 3. f4 g6 4. Nf3 Bg7 5. Bb5+ Bd7 6. Bc4 Nc6 7. d3 e6 8. Bb3 Nge7 9. O-O O-O 10. Ne2 d5 11. e5 Nf5 12. c3 b5 13. d4 cxd4 14. cxd4 Na5 15. Bc2 Rc8 16. Bxf5 exf5 17. b3 b4 18. Bd2 Nc6 19. Rc1 Qb6 20. Kh1 Be6 21. Rc5 Ne7 22. Qc2 Rxc5 23. Qxc5 Qxc5 24. dxc5 a5 25. Ned4 Rc8 26. Rc1 Bf8 27. Nxe6 fxe6 28. Nd4 Kf7 29. Nb5 Nc6 30. Nd6+ Bxd6 31. cxd6 Ke8 32. g3 Kd7 33. Kg2 Nd4 34. Rxc8 Kxc8 35. Be3 Nc6 36. Kf2 Kd7 37. Bb6 Kc8 38. Ke3 Kd7 39. Kd3 Kc8 40. h3 Kd7 41. Kc2 Kc8 42. Kb2 Kd7 43. a3 Kc8 44. axb4 axb4 45. Bc5 Kd7 46. Kc2 Kc8 47. Kd3 Kd7 48. Bb6 Kc8 49. g4 Kd7 50. gxf5 exf5 51. Bc5 Ke6 52. Ke3 Kd7 53. Kd3 Ke6 54. Bd4 Kd7 55. Be3 Ke6 56. Bd2 Kd7 57. Bxb4 Nxb4+ 58. Kc3 Nc6 59. b4 Nd8 60. b5 Ne6 61. Kb4 Kc8 62. b6 Kb7 63. Kb5 d4 64. d7 d3 65. d8=Q Nxd8 66. Kc4 d2 67. Kc5 d1=Q 68. e6 Nxe6+ 69. Kb5 Qf3 0-1


[Site "https://www.chess.com"]